 Dungeon Crawl Stone Soup version 0.30-a0-1043-g60ff8d5f49 (webtiles) character file.

Game seed: 13622374668311004436

21 ytrimaz the Insei (level 2, 0/22 HPs)
             Began as a Demigod Transmuter on Apr 10, 2023.
             Slain by an adder (1 damage)
             ... on level 2 of the Dungeon.
             The game lasted 00:00:59 (678 turns).

ytrimaz the Insei (Demigod Transmuter)               Turns: 678, Time: 00:00:59

Health: 0/22       AC:  2    Str: 11    XL:     2   Next: 48%
Magic:  7/7        EV: 12    Int: 15    God:
Gold:   30         SH:  0    Dex: 14    Spells: 2/5 levels left

rFire   . . .      SeeInvis .      - Unarmed
rCold   . . .      Faith    .    (no shield)
rNeg    . . .      Spirit   .    a - +0 robe
rPois   .          Reflect  .    (no helmet)
rElec   .          Rampage  .    (no cloak)
rCorr   .                        (no gloves)
Will    .....                    (no boots)
Stlth   +                        (no amulet)
HPRegen 0.23/turn                (no ring)
MPRegen 0.10/turn                (no ring)

@: lethally poisoned (0 -> -4), attractive
A: high MP 1, forlorn, divine attributes
a: no special abilities


You were on level 2 of the Dungeon.
You visited 1 branch of the dungeon, and saw 2 of its levels.

You collected 30 gold pieces.


Innate Abilities, Weirdness & Mutations

You have an increased reservoir of magic. (+10% MP)
You shall have no god before yourself.
Your divine heritage dramatically boosts your attributes as you level up.


   Skills:
 - Level 0.8 Fighting
 - Level 1.7 Dodging
 - Level 2.6 Unarmed Combat
 + Level 2.3 Spellcasting
 + Level 2.4 Transmutations


You had 2 spell levels left.
You knew the following spells:

 Your Spells              Type           Power      Damage    Failure   Level
a - Beastly Appendage     Tmut           18%        N/A       8%          1
b - Wereblood             Tmut           9%         N/A       12%         2

Your spell library contained the following spells:

 Spells                   Type           Power      Damage    Failure   Level
 Spider Form              Tmut/Pois      5%         N/A       36%         3
 Call Canine Familiar     Summ           1%         N/A       54%         3
 Portal Projectile        Hex/Tloc       2%         N/A       54%         3
 Ice Form                 Ice/Tmut       5%         N/A       78%         4
 Leda's Liquefaction      Hex/Erth       0%         N/A       91%         4

Inventory:

Armour
 a - a +0 robe (worn)
Scrolls
 d - a scroll of immolation {unknown}
 f - a scroll of amnesia {unknown}
 g - a scroll of blinking {unknown}
Potions
 c - a potion of attraction
 e - a potion of curing {unknown}
 h - a potion of ambrosia {unknown}

Dungeon Overview and Level Annotations

Branches:
Dungeon (2/15) Zot: 11322

... #...~≈_≈~.. #....
#...~≈.≈~..
#.....#?..~.≈.~..
#.#.....#?.~.~.~.~.
#........#~.~...~.~
....... #..~.....~.
.......#.##..#.....#.
... #..#.....S#####.#
.....#.........@....#
.....#.....#####.####
........#...## ...
........###..#######
........####.[......
......#.......###### #
........#.###.###
######...#
....#####.###...#
#......... .#
#...###.###.######...>..


You could see an adder.


Message History

There is a stone staircase leading down here.
The rat twitches its whiskers.
The rat bites you. 😕 HP[-1]
You take 1 damage, and now have 21/22 hp.
You hit the rat.
You kill the rat!
Unknown command.
The helpless ball python fails to defend itself.
You hit the ball python. The ball python barely misses you.
The ball python grabs you. The ball python constricts you.
You hit the ball python.
You kill the ball python! 😎 HP[+1] MP[+1]
Your hp is fully restored (22).
Your mp is fully restored (7).
No target in view!
Your horns disappear.
Your talons disappear.
Key pressed, stopping explore.
Done exploring.
Done exploring.
Done exploring.
Done exploring.
Done exploring.
Okay, then.
Casting: Beastly Appendage (safe; 8% risk of failure)
Confirm with . or Enter, or press ? or * to list all spells.
Okay, then.
Memorise Wereblood, consuming 2 spell levels and leaving 2?
You start memorising the spell.
You continue memorising. x2
You finish memorising.
Spell assigned to 'b'.
Unknown command.
Done exploring.
Done exploring.
Done exploring.
There is a stone staircase leading down here.
You climb downwards.
There is a stone staircase leading up here.
Unknown command.
g - a scroll labelled RUGEHAORHA
There is a stone staircase leading up here.
Found a stone staircase leading down.
Key pressed, stopping explore.
Key pressed, stopping explore.
h - a black potion A frilled lizard comes into view.
A frilled lizard is nearby!
A frilled lizard is nearby!
A frilled lizard is nearby!
A frilled lizard is nearby!
A frilled lizard is nearby!
A frilled lizard is nearby!
An adder comes into view.
Found a faded altar of an unknown god.
You grow a pair of large bovine horns.
Your feet morph into talons.
The frilled lizard hisses angrily. 😎 MP[-1]
You lost 1 mp, and now have 6/7 mp.
You enter the shallow water.
Moving in this stuff is going to be slow.
Unknown command.
You closely miss the adder. Your headbutt misses the adder.
Your transformation is almost over.
The adder barely misses you. The adder bites you.
The frilled lizard bites you. 😕 HP[-5]
You take 5 damage, and now have 17/22 hp.
MASSIVE DAMAGE!! (PAUSE) Unknown command.
The frilled lizard attacks as you move away!
The frilled lizard bites you. The adder bites you.
You are poisoned.
The adder poisons you! 😮 HP[-5]
You take 5 damage, and now have 12/22 hp.
MASSIVE DAMAGE!! (PAUSE) It was a potion of attraction.
You feel attractive to monsters.
You feel sick. The adder bites you.
* * * LOW HITPOINT WARNING * * *
😨 HP[-4]
You take 4 damage, and now have 8/22 hp.
Unknown command.
You feel sick. The adder closely misses you. 😨 HP[-1]
You take 1 damage, and now have 7/22 hp.
The adder attacks as you move away! The adder bites you.
* * * LOW HITPOINT WARNING * * *
You are lethally poisoned!
The adder poisons you!
* * * LOW HITPOINT WARNING * * *
You feel sick. 😱 HP[-4]
You take 4 damage, and now have 3/22 hp.
It was a potion of cancellation.
Your magical effects are unravelling.
You feel magically purged.
Your horns disappear.
Your talons disappear.
* * * LOW HITPOINT WARNING * * *
You feel sick. The adder bites you.
You die...

Skill      XL: |  1 |
---------------+----+-----
Transmutations | 2 |  2.4
Spellcasting   | 2 |  2.3
Fighting       | |  0.8
Dodging        | |  1.7
Unarmed Combat | |  2.6

Action                     || total
---------------------------++-------
  Melee: Unarmed           ||    40
         Kick              ||     5
         Headbutt          ||     6
   Cast: Beastly Appendage ||     9
    Use: Potion            ||     3
   Stab: Sleeping          ||     1
 Armour: Robe              ||    11
         Skin              ||     1
  Dodge: Dodged            ||    29

Levels and vault maps discovered:
D:1:      wander_arrival_estate, layout_rooms, feat_on_display
D:2:      layout_rooms, shapermc_ecumenical_altar_starsandcircs,
          serial_co_window_serial, co_window_paths_b,
          co_window_of_opportunity_a, co_window_corner_a, co_window_paths_a,
          co_window_corner_a, co_window_corner_b, co_window_broadway_c,
          co_window_2corner, co_window_broadway_b, co_window_corner_cb,
          co_window_corner_ca, co_window_unsneaky_path_d, glass_columns_a,
          glass_columns_b, glass_columns_b

Notes
Turn   | Place    | Note
-------+----------+-------------------------------------------
     0 | D:1      | ytrimaz the Demigod Transmuter began the quest for the Orb.
     0 | D:1      | Reached XP level 1. HP: 15/15 MP: 5/5
     0 | D:1      | magus.rc [v1.9.6]
   135 | D:1      | Reached skill level 2 in Transmutations
   139 | D:1      | HP: 3/15 [kobold/+0 whip (3)]
   143 | D:1      | Reached skill level 2 in Spellcasting
   211 | D:1      | You pick up a book of the Hunter and begin reading...
   211 | D:1      | You add the spells Call Canine Familiar, Portal Projectile
                  | and Leda's Liquefaction to your library.
   237 | D:1      | Reached XP level 2. HP: 20/22 MP: 4/7
   521 | D:1      | Learned a level 2 spell: Wereblood
   677 | D:2      | HP: 5/22 [adder (2)]
   678 | D:2      | HP: 1/22 [poisoned by an adder]
   678 | D:2      | Slain by an adder

Vanquished Creatures
  A ball python (D:1)
  2 bats (D:1)
  An endoplasm (D:1)
  A giant cockroach (D:1)
  3 goblins (D:1)
  A hobgoblin (D:1)
  2 jackals (D:1)
  A kobold (D:1)
  A quokka (D:1)
  3 frilled lizards (D:1)
  2 rats (D:1)
18 creatures vanquished.

Table legend:
 A = Non-vault XP
 B = Vault XP
 C = Vault XP percentage of total XP
 D = Non-vault monster count
 E = Vault monster count
 F = Vault count percentage of total count
                 A         B        C        D         E       F
            +---------+---------+-------+---------+---------+-------
      Total |      31 |       0 |   0.0 |      18 |       0 |   0.0
            +---------+---------+-------+---------+---------+-------
        D:1 |      31 |       0 |   0.0 |      18 |       0 |   0.0
            +---------+---------+-------+---------+---------+-------

Illustrated notes

Table legend:
 A = Kills in this place as a percentage of kills in the entire game.
 B = Kills by you in this place as a percentage of kills by you in the entire game.
 C = Kills by friends in this place as a percentage of kills by friends in the entire game.
 D = Other kills in this place as a percentage of other kills in the entire game.
 E = Experience gained in this place as a percentage of experience gained in the entire game.
 F = Experience gained in this place divided by the number of levels of this place that you have seen.
                   A       B       C       D       E      F
               +-------+-------+-------+-------+-------+----------------------
         Total | 100.0 | 100.0 |   N/A |   N/A | 100.0 |  15.5
       Dungeon | 100.0 | 100.0 |   N/A |   N/A | 100.0 |  15.5
               +-------+-------+-------+-------+-------+----------------------

Table legend: (Time is in decaauts)
 A = Elapsed time spent in this place.
 B = Non-inter-level travel time spent in this place.
 C = Inter-level travel time spent in this place.
 D = Time resting spent in this place.
 E = Time spent auto-exploring this place.
 F = Levels seen in this place.
 G = Mean time per level.
                   A        B        C        D        E       F      G
               +--------+--------+--------+--------+--------+-----+--------+
         Total |    676 |    664 |     12 |      0 |    537 |   2 |  338.0 |
       Dungeon |    676 |    664 |     12 |      0 |    537 |   2 |  338.0 |
               +--------+--------+--------+--------+--------+-----+--------+

Top non-repeatable levels by time:
     D:1: 532 daAuts
     D:2: 144 daAuts
